 Dungeon Crawl Stone Soup version 0.23.2 (webtiles) character file.

Game seed: 16713494242082783739

106 Kairos the Skirmisher (level 5, -1/43 HPs)
             Began as a Formicid Abyssal Knight on Apr 10, 2019.
             Was a Believer of Lugonu.
             Killed by nerve-wracking pain
             ... invoked by Grinder
              (12 damage)
             ... on level 3 of the Dungeon.
             The game lasted 00:03:19 (2152 turns).

Kairos the Skirmisher (Formicid Abyssal Knight)     Turns: 2152, Time: 00:03:20

Health: -1/43      AC: 10    Str: 17    XL:     5   Next: 10%
Magic:  6/6        EV:  4    Int: 12    God:    Lugonu [**....]
Gold:   109        SH:  7    Dex: 10    Spells: 4/4 levels left

rFire    . . .     SeeInvis +   d - +0 trident (venom)
rCold    . . .     Gourm    .   j - +0 shield
rNeg     . . .     Faith    .   n - +0 chain mail
rPois    .         Spirit   .   (helmet unavailable)
rElec    .         Reflect  .   (no cloak)
rCorr    .         Harm     .   (no gloves)
MR       .....                  g - +0 pair of boots
Stlth    ..........             (no amulet)
HPRegen  0.14/turn              (no ring)
MPRegen  0.10/turn              (no ring)

@: no status effects
A: permanent stasis, dig shafts and tunnels, four strong arms, antennae 3
a: Dig, Shaft Self, Depart the Abyss, Bend Space, Renounce Religion


You were on level 3 of the Dungeon.
You worshipped Lugonu.
Lugonu was pleased with you.
You were not hungry.

You visited 1 branch of the dungeon, and saw 3 of its levels.
You visited the Abyss 1 time.

You collected 109 gold pieces.

Inventory:

Hand Weapons
 a - a +1 spear
 d - a +0 trident of venom (weapon)
Missiles
 m - a throwing net (quivered)
Armour
 b - a +0 leather armour
 g - a +0 pair of boots (worn)
 j - a +0 shield (worn)
 k - a +0 ring mail
 n - a +0 chain mail (worn)
Scrolls
 h - a scroll of enchant armour {unknown}
 l - a scroll of remove curse {unknown}
Potions
 e - 4 potions of curing
 o - a potion of heal wounds {unknown}
Comestibles
 c - 3 rations


   Skills:
 + Level 4.6 Fighting
 + Level 2.9 Polearms
 + Level 3.0 Armour
 + Level 1.1 Dodging
 + Level 0.1 Stealth
 + Level 0.1 Shields
 + Level 2.6 Invocations


You had 4 spell levels left.
You didn't know any spells.
Your spell library was empty.

Dungeon Overview and Level Annotations

Branches:
Dungeon (3/15)

Altars:
Cheibriados
Elyvilon
Kikubaaqudgha
Makhleb
Okawaru

Annotations:
D:3 Grinder


Innate Abilities, Weirdness & Mutations

You cannot be hasted, slowed, berserked, paralysed or teleported.
You can dig through walls and to a lower floor.
Your four strong arms can wield two-handed weapons with a shield.
You have a pair of large antennae on your head. (SInv)


Message History

You are too injured to fight recklessly!
You are too injured to fight recklessly!
You closely miss Grinder.
Grinder is severely wounded.
Grinder barely misses you.
You hit Grinder.
Grinder is severely wounded.
Grinder hits you but does no damage.
You barely miss Grinder.
Grinder is almost dead.
You block Grinder's attack. Grinder hits you but does no damage.
You closely miss Grinder.
Grinder is almost dead.
Grinder hits you.
You writhe in agony.
* * * LOW HITPOINT WARNING * * *
You closely miss Grinder.
Grinder is almost dead.
Grinder gestures at you. Pain shoots through your body!
You die...

# ####.#####
#########.........
.......@5....#####
.########.##.# #.#
.# #.# # #.5 #.#
..# #.#


You could see Grinder.

Vanquished Creatures
  A hound (D:2)
  Jessica (D:2)
  An adder (D:2)
  A worm (D:2)
  A dart slug (D:1)
  A leopard gecko (D:1)
  9 hobgoblins
  2 jackals (D:1)
  3 kobolds
  4 bats
  4 frilled lizards
  4 goblins
  5 rats (D:1)
37 creatures vanquished.

Vanquished Creatures (others)
  4 toadstools (D:1)
4 creatures vanquished.

Grand Total: 41 creatures vanquished

Notes
Turn   | Place    | Note
-------+----------+-------------------------------------------
     0 | Abyss:1  | Kairos the Formicid Abyssal Knight began the quest for the
                  | Orb.
     0 | Abyss:1  | Reached XP level 1. HP: 18/18 MP: 2/2
    63 | Abyss:2  | Noticed a tentacled starspawn
    70 | Abyss:2  | Noticed a ynoxinul
   100 | Abyss:2  | Noticed a large abomination
   100 | Abyss:2  | Noticed an ancient zyme
   106 | Abyss:2  | Noticed a large abomination
   112 | D:1      | Escaped the Abyss
   309 | D:1      | Reached XP level 2. HP: 13/24 MP: 3/3
   464 | D:1      | Reached * piety under Lugonu
   844 | D:1      | Reached XP level 3. HP: 30/30 MP: 4/4
  1048 | D:2      | Reached skill level 4 in Fighting
  1120 | D:2      | Noticed Jessica
  1124 | D:2      | Killed Jessica
  1124 | D:2      | Reached skill level 1 in Dodging
  1124 | D:2      | Reached XP level 4. HP: 26/37 MP: 5/5
  1517 | D:2      | Found an ancient bone altar of Kikubaaqudgha.
  1519 | D:2      | Found a snail-covered altar of Cheibriados.
  1519 | D:2      | Found a white marble altar of Elyvilon.
  1520 | D:2      | Found an iron altar of Okawaru.
  1588 | D:2      | Found a burning altar of Makhleb.
  1593 | D:2      | Reached XP level 5. HP: 43/43 MP: 6/6
  1617 | D:2      | Reached ** piety under Lugonu
  2005 | D:3      | Noticed Grinder
  2152 | D:3      | Killed from afar by Grinder

Skill      XL: |  1  2  3  4 |
---------------+-------------+-----
Fighting       | 4 |  4.6
Dodging        | 1 |  1.1
Armour         | 3 |  3.0
Polearms       | |  2.9
Stealth        | |  0.1
Shields        | |  0.1
Invocations    | |  2.6

Action                   |  1- 3 |  4- 6 || total
-------------------------+-------+-------++-------
Melee: Trident           |    59 |    57 ||   116
Invok: Depart the Abyss  |     1 |       ||     1
 Abil: Dig               |     4 |       ||     4
  Use: Scroll            |     4 |     1 ||     5
  Eat: Chunk             |       |     2 ||     2
       Ration            |       |     1 ||     1
Armor: Leather armour    |    14 |       ||    14
       Ring mail         |     3 |     6 ||     9
       Chain mail        |       |     7 ||     7
Dodge: Dodged            |    26 |    13 ||    39
Block: Shield            |       |    12 ||    12
